AoeStats
← T0my25

Hideout

507753974Analyzed
1v1 RM · 13d ago on Sep 19, 2026· 31m 47s· 2 players
Game mode
Random Map
Map size
Tiny (2 player)
Population
200
Speed
Normal
Resources
Standard
Victory
Conquest
Starting age
Dark Age
Ending age
Imperial Age
RankedLock teamsTeams togetherTeam positionsShared explorationLock speedFull tech treeHidden civsTurbo modeCheats
Victory
Defeat
🇨🇳 Spanish · China
810
+16
🇦🇷 Magyars · Argentina
800
-32
T0my25
8:13 Loom
10:13 Feudal Age
14:07 Bloodlines
18:47 Horse Collar
24:49 Castle Age
27:01 Fletching
hongjunhaoren
12:03 Feudal Age
10:21 Loom
16:54 Castle Age
18:37 Padded Archer Armor
Connection lost

Rejoining the realm…

Still unreachable

The connection could not be restored.

Session expired

The server has moved on; the page needs a fresh start.